 Dungeon Crawl Stone Soup version 0.25.0-11-g1f837a76a1 (webtiles) character file.

Game seed: 3547863981824638603

6288 MisterFreud the Spear-Bearer (level 10, -4/93 HPs)
             Began as a Minotaur Fighter on June 27, 2020.
             Slain by a seven-headed hydra (6 damage)
             ... on level 1 of the Lair of Beasts.
             The game lasted 00:14:44 (9495 turns).

MisterFreud the Spear-Bearer (Minotaur Fighter)     Turns: 9495, Time: 00:14:44

Health: -4/93      AC: 17    Str: 24    XL:     10   Next: 63%
Magic:  9/9        EV:  9    Int: 10    God:
Gold:   559        SH: 12    Dex:  9    Spells: 9/9 levels left

rFire    . . .     SeeInvis .   a - +0 trident
rCold    . . .     Gourm    .   c - +0 kite shield
rNeg     . . .     Faith    .   b - +0 scale mail
rPois    .         Spirit   .   (helmet restricted)
rElec    .         Reflect  .   D - +1 cloak of Voysun {Int+4}
rCorr    .         Harm     .   A - -1 pair of gloves
MR       .....                  M - +0 pair of boots
Stlth    ..........             k - amulet of the acrobat
HPRegen  0.25/turn              r - +4 ring of protection
MPRegen  0.11/turn              Q - +4 ring of slaying

@: about to teleport
A: retaliatory headbutt, horns 2
a: no special abilities


You were on level 1 of the Lair of Beasts.
You were not hungry.

You visited 2 branches of the dungeon, and saw 15 of its levels.

You collected 559 gold pieces.

Inventory:

Hand Weapons
 a - a +0 trident (weapon)
Missiles
 n - 4 throwing nets (quivered)
 p - 14 curare-tipped darts
 u - 61 poisoned darts
 C - 16 boomerangs
Armour
 b - a +0 scale mail (worn)
 c - a +0 kite shield (worn)
 A - a -1 pair of gloves (worn)
 D - the +1 cloak of Voysun (worn) {Int+4}
   (You found it on level 5 of the Dungeon)

   It affects your intelligence (+4).
 F - a scarf of resistance
 M - a +0 pair of boots (worn)
Jewellery
 k - an amulet of the acrobat (around neck)
 l - an uncursed ring of magical power
 r - a +4 ring of protection (left hand)
 E - an uncursed ring of positive energy
 K - an uncursed amulet of guardian spirit {unknown}
 N - an uncursed ring of stealth
 Q - a +4 ring of slaying (right hand)
Wands
 L - a wand of random effects (16)
Scrolls
 e - 11 scrolls of identify {unknown}
 g - 3 scrolls of teleportation
 h - 2 scrolls of enchant weapon {unknown}
 j - 3 scrolls of remove curse
 m - 3 scrolls of amnesia {unknown}
 o - a scroll of magic mapping {unknown}
 q - 4 scrolls of blinking {unknown}
 x - 2 scrolls of immolation {unknown}
 y - a scroll of noise {unknown}
 G - a scroll of random uselessness {unknown}
 I - a scroll of fear {unknown}
 O - a scroll of brand weapon {unknown}
Potions
 d - 3 potions of might
 i - 2 potions of mutation {unknown}
 s - a potion of resistance {unknown}
 t - a potion of haste {unknown}
 v - a potion of magic {unknown}
 w - a potion of flight {unknown}
 z - a potion of berserk rage {unknown}
 B - a potion of curing {unknown}
 J - 2 potions of lignification {unknown}
Comestibles
 f - 16 rations


   Skills:
 + Level 9.9 Fighting
 + Level 11.1 Polearms
 - Level 10.0 Armour
 + Level 9.9 Shields


You had 9 spell levels left.
You didn't know any spells.
Your spell library contained the following spells:

 Spells                   Type           Power        Failure   Level  Hunger
 Beastly Appendage        Tmut           #.....       83%         1    ##.....
 Shock                    Conj/Air       #...         83%         1    ##.....
 Sticks to Snakes         Tmut           #.......     93%         2    ###....
 Swiftness                Chrm/Air       #.......     93%         2    ###....
 Spider Form              Tmut/Pois      #.........   99%         3    ####...
 Static Discharge         Conj/Air       #.......     99%         3    ####...
 Airstrike                Air            #.........   100%        4    #####..
 Ice Form                 Ice/Tmut       #.......     100%        4    #####..
 Blade Hands              Tmut           #.........   100%        5    ######.
 Lightning Bolt           Conj/Air       #.........   100%        5    ######.


Dungeon Overview and Level Annotations

Branches:
Dungeon (9/15)             Temple (0/1) D:6            Lair (6/6) D:8
  Swamp: Lair:2-4    Shoals: Lair:2-4     Snake: Lair:2-4    Spider: Lair:2-4
  Slime: Lair:5-6       Orc: D:9-12

Altars:
Fedhas
Kikubaaqudgha
Okawaru
Uskayaw

Annotations:
D:7 exclusion: electric eel


Innate Abilities, Weirdness & Mutations

You reflexively headbutt those who attack you in melee.
You have a pair of horns on your head.


Message History

* * * LOW HITPOINT WARNING * * *
Something bites you but does no damage. x2; Something bites you.
* * * LOW HITPOINT WARNING * * *
Unknown command.
As you read the scroll labeled ESANGI GUSS, it crumbles to dust.
You feel as if something is helping you.
It was a scroll of remove curse.
Something bites you but does no damage. You block something's attack.
Something bites you but does no damage. x2
You block something's attack. Something bites you!
* * * LOW HITPOINT WARNING * * *
Something bites you.
* * * LOW HITPOINT WARNING * * *
Okay, then.
Unknown command.
As you read the scroll labeled ZASHRA YMME, it crumbles to dust.
You feel strangely unstable.
It was a scroll of teleportation.
Something bites you.
* * * LOW HITPOINT WARNING * * *
Something bites you.
You die...

...# ##.#.#.......
..# ##..#####.....
..# ####..###
##... ..#
####.......# #..
.##
######....####..#
.####........####
...#
.#.#...........F#
##..#
...............{##
....
...####.......##@#
#.. .###
##P..####### P# .#
##### P# .# ##


You could see a spiny frog.

Vanquished Creatures
  A hydra (Lair:2)
  Harold (D:8)
  A centaur skeleton (D:7)
  A komodo dragon (Lair:3)
  A polar bear (Lair:4)
  Grinder (D:5)
  2 hippogriffs
  A spriggan (D:8)
  A hungry ghost (D:7)
  3 wargs (D:7)
  2 porcupines (Lair:2)
  3 orc warriors
  A sky beast (D:7)
  3 ogres
  A phantom (D:6)
  A centaur (D:5)
  3 crocodiles
  2 bullfrogs
  2 scorpions (D:7)
  10 wights
  3 crimson imps
  A quasit (D:6)
  4 jellies
  4 hounds
  4 orc priests
  7 orc wizards
  3 worker ants
  A hound zombie (D:5)
  A hound skeleton (D:4)
  A worker ant zombie (D:6)
  7 gnolls
  12 adders
  4 shadow imps
  11 oozes
  An adder zombie (D:5)
  An adder skeleton (D:6)
  5 worms
  3 dart slugs
  11 leopard geckos
  26 orcs
  2 ball pythons
  2 giant cockroaches (D:2)
  6 hobgoblins
  4 jackals (D:6)
  2 quokkas
  11 bats
  5 frilled lizards
  10 goblins
  15 kobolds
  2 quokka skeletons
  A quokka zombie (D:7)
  9 rats
220 creatures vanquished.

Vanquished Creatures (others)
  4 fungi
  5 toadstools (D:3)
9 creatures vanquished.

Grand Total: 229 creatures vanquished

Notes
Turn   | Place    | Note
-------+----------+-------------------------------------------
     0 | D:1      | MisterFreud the Minotaur Fighter began the quest for the
                  | Orb.
     0 | D:1      | Reached XP level 1. HP: 19/19 MP: 0/0
   196 | D:1      | Reached skill level 3 in Polearms
   256 | D:1      | Reached XP level 2. HP: 25/26 MP: 1/1
   525 | D:1      | Reached skill level 4 in Polearms
   612 | D:1      | Reached XP level 3. HP: 13/31 MP: 2/2
  1263 | D:2      | Reached skill level 5 in Polearms
  1443 | D:2      | Reached XP level 4. HP: 21/39 MP: 3/3
  2352 | D:3      | Reached skill level 6 in Polearms
  2579 | D:3      | Reached XP level 5. HP: 44/45 MP: 4/4
  2949 | D:3      | Reached skill level 7 in Polearms
  2966 | D:3      | Reached XP level 6. HP: 38/51 MP: 5/5
  3063 | D:3      | Reached skill level 8 in Polearms
  3453 | D:4      | Reached XP level 7. HP: 54/60 MP: 6/6
  3782 | D:4      | Reached skill level 5 in Fighting
  3782 | D:4      | Reached skill level 5 in Armour
  3782 | D:4      | Reached skill level 5 in Shields
  4141 | D:5      | Entered Level 5 of the Dungeon
  4358 | D:5      | Noticed Grinder
  4358 | D:5      | Paralysed by Grinder for 5 turns
  4378 | D:5      | Paralysed by Grinder for 3 turns
  4385 | D:5      | Paralysed by Grinder for 4 turns
  4390 | D:5      | Killed Grinder
  4390 | D:5      | Reached XP level 8. HP: 40/70 MP: 7/7
  4823 | D:5      | Got an encrusted cloak
  4829 | D:5      | Identified the +1 cloak of Voysun {Int+4} (You found it on
                  | level 5 of the Dungeon)
  5135 | D:5      | Found an ancient bone altar of Kikubaaqudgha.
  5375 | D:6      | Found a staircase to the Ecumenical Temple.
  5595 | D:6      | You fall into a shaft and drop 1 floor!
  5777 | D:7      | Reached skill level 9 in Polearms
  5995 | D:7      | Reached XP level 9. HP: 67/79 MP: 8/8
  6829 | D:7      | Found a hide-covered altar of Uskayaw.
  6843 | D:7      | Found a blossoming altar of Fedhas.
  7534 | D:8      | Noticed Harold
  7563 | D:8      | Killed Harold
  7563 | D:8      | Reached skill level 10 in Polearms
  7769 | D:7      | Reached XP level 10. HP: 36/91 MP: 9/9
  8235 | D:8      | Found a staircase to the Lair.
  8369 | D:8      | Found an iron altar of Okawaru.
  8724 | Lair:1   | Entered Level 1 of the Lair of Beasts
  8811 | Lair:3   | Noticed a death yak
  8811 | Lair:3   | Noticed a death yak
  8811 | Lair:3   | Noticed a death yak
  8837 | Lair:2   | Noticed a four-headed hydra
  8857 | Lair:2   | Killed a four-headed hydra
  9173 | Lair:3   | Reached skill level 11 in Polearms
  9318 | Lair:4   | Reached skill level 10 in Armour
  9383 | Lair:6   | Entered Level 6 of the Lair of Beasts
  9383 | Lair:6   | Noticed a black mamba
  9459 | Lair:1   | Noticed a seven-headed hydra
  9478 | Lair:1   | Noticed a spiny frog
  9495 | Lair:1   | HP: 2/93 [something (4)]
  9495 | Lair:1   | Slain by a seven-headed hydra

Illustrated notes

Levels and vault maps discovered:
D:1:      dpeg_arrival_arbitrary_a, layout_basic, ebering_dispersal_statue_hall
D:2:      layout_loops_ring, grunt_ministairs_9
D:3:      cheibrodos_fertilizer, layout_basic, first_ration
D:4:      layout_basic
D:5:      layout_basic, kennysheep_mini, uniq_grinder
D:6:      layout_rooms, lightli_temple_of_fire, temple_hall
D:7:      layout_gridville, chequers_temple_overflow_statue_of_worship,
          serial_bayou, serial_bayou_pond_e, serial_bayou_lagoon_a,
          serial_bayou_pond_c, serial_bayou_pond_e
D:8:      layout_basic, erik_lair_orcish_takeover, the_bakery,
          okawaru_gym_becter, uniq_harold
D:9:      layout_basic, nicolae_overflow_quartered_altars,
          kennysheep_small_circle
Lair:1:   layout_cave_pods
Lair:2:   layout_gridlike, minmay_shoals_entry_beasts, lemuel_fruit_fields
Lair:3:   layout_concentric_octagons, spider_nest_entry_a, grunt_megastairs_2
Lair:4:   layout_big_grid, minmay_lair_oklob_bushes, st_stairs_12
Lair:5:   layout_long_grid, slime_altar_1, portal_ice_cave_demonic_guard,
          serial_bayou_shore_a, infiniplex_staircase_pool_2, grunt_megastairs_4,
          uniq_rupert
Lair:6:   gammafunk_lair_ancient_temple, layout_concentric_octagons,
          lemuel_fruit_fields

Skill      XL: |  1  2  3  4  5  6  7  8  9 10 |
---------------+-------------------------------+-----
Polearms       | 3 4 5 6 7 8 9 10 11 | 11.1
Fighting       | 4 5 7 9 |  9.9
Armour         | 4 5 7 9 10 | 10.0
Shields        | 4 5 7 8 9 |  9.9

Action                   |  1- 3 |  4- 6 |  7- 9 | 10-12 || total
-------------------------+-------+-------+-------+-------++-------
Melee: Trident           |   102 |   211 |   486 |   122 ||   921
       Headbutt          |    10 |    30 |    82 |    25 ||   147
Evoke: Wand              |       |       |       |     4 ||     4
  Use: Potion            |       |       |       |     3 ||     3
       Scroll            |       |       |       |     2 ||     2
  Eat: Chunk             |     2 |     6 |    17 |     3 ||    28
       Ration            |       |       |       |     1 ||     1
Armor: Scale mail        |    39 |    52 |   112 |    52 ||   255
Dodge: Dodged            |    16 |    39 |   104 |    34 ||   193
Block: Kite shield       |    34 |    62 |   182 |    60 ||   338
